 Dungeon Crawl Stone Soup version 0.31-a0-1074-g0b22e4e0f1 (webtiles) character file.

Game seed: 1050692750204106614

76499 LeprechaunX the Mimic (level 15, -4/96 HPs)
             Began as an Octopode Shapeshifter on Nov 28, 2023.
             Was the Champion of Hepliaklqana.
             Killed from afar by a naga mage (26 damage)
             ... with a bolt of poison
             ... on level 1 of the Snake Pit.
             The game lasted 00:53:15 (20323 turns).

LeprechaunX the Mimic (Octopode Shapeshifter)      Turns: 20323, Time: 00:53:16

Health: -4/96      AC:  0    Str: 17    XL:     15   Next: 53%
Magic:  0/21       EV: 14    Int: 12    God:    Hepliaklqana [******]
Gold:   1336       SH:  0    Dex: 16    Spells: 17/22 levels left

rFire   . .          .
                       - Unarmed
rCold   . . .        (shield currently unavailable)
rNeg    . . .        (helmet currently unavailable)
rPois   .            J - amulet of guardian spirit
rElec   .            v - melded +4 ring of slaying
rCorr   .            W - melded ring of see invisible
SInv    .            q - melded ring of the Tortoise {AC+8}
Will    +....        i - melded ring "Weola" {rF+ EV+5}
Stlth   +            R - melded +5 ring of evasion
HPRegen 0.36/turn    T - melded +6 ring of dexterity
MPRegen 0.17/turn    S - melded ring of poison resistance
                     V - melded ring of resist corrosion

%: guardian spirit
@: lethally poisoned (-4 -> -19), about to teleport, pig-form, slowed,
constricted
A: fast, no casting, reduced essence, almost no armour, (amphibious), (8 rings),
small, (camouflage 1), (gelatinous body 1), (nimble swimmer 1), (tentacles)
a: Renounce Religion, Recall Ancestor, Ancestor Identity, Transference, Idealise


You were on level 1 of the Snake Pit.
You worshipped Hepliaklqana.
Hepliaklqana was exalted by your worship.
You were a filthy swine.
You visited 4 branches of the dungeon, and saw 18 of its levels.
You also visited: Sewer, Ossuary, Bailey and Volcano.

You collected 2192 gold pieces.
You spent 856 gold pieces at shops.

Inventory:

Hand Weapons
 a - a +1 orcbow of freezing
 A - a +2 longbow of flaming
Armour
 N - a +2 kite shield of protection
Jewellery
 i - the ring "Weola" (melded) {rF+ EV+5}
   (You found it on level 9 of the Dungeon)

   [ring of evasion]

   EV+5:      It affects your evasion (+5).
   rF+:       It protects you from fire.
 q - the ring of the Tortoise (melded) {AC+8}
   (You found it on level 4 of the Dungeon)

   [ring of protection]

   AC+8:      It affects your AC (+8).
 t - a ring of flight
 v - a +4 ring of slaying (melded)
 I - an amulet of the acrobat
 J - an amulet of guardian spirit (around neck)
 R - a +5 ring of evasion (melded)
 S - a ring of poison resistance (melded)
 T - a +6 ring of dexterity (melded)
 V - a ring of resist corrosion (melded)
 W - a ring of see invisible (melded)
Talismans
 b - a beast talisman
 c - a flux talisman
 X - a dragon-blood talisman (active)
Wands
 m - a wand of mindburst (10)
 w - a wand of iceblast (1)
 x - a wand of paralysis (16)
 M - a wand of flame (33)
 U - a wand of quicksilver (4)
Scrolls
 h - 5 scrolls of fog
 j - 5 scrolls of teleportation
 k - 2 scrolls of fear
 l - 6 scrolls of blinking
 n - a scroll of immolation
 p - 3 scrolls of vulnerability
 y - 5 scrolls of noise
 z - 2 scrolls of revelation
 C - 2 scrolls of identify
 D - 3 scrolls of amnesia
 E - 5 scrolls of summoning
 H - 7 scrolls of enchant weapon
 K - a scroll of poison
 Q - a scroll of torment {unknown}
Potions
 d - 2 potions of haste {unknown}
 e - 3 potions of enlightenment
 f - 5 potions of mutation {unknown}
 g - 10 potions of curing
 o - a potion of resistance {unknown}
 r - 2 potions of magic {unknown}
 u - 2 potions of brilliance {unknown}
 B - 4 potions of ambrosia {unknown}
 F - 2 potions of invisibility {unknown}
 G - 6 potions of might {unknown}
 L - a potion of attraction {unknown}
Miscellaneous
 P - a phial of floods


   Skills:
 + Level 11.2 Fighting
 + Level 5.7 Dodging
 + Level 11.1 Unarmed Combat
 - Level 4.0 Spellcasting
 - Level 4.5 Translocations
 - Level 7.4 Ice Magic
 + Level 9.2 Invocations
 - Level 10.6 Evocations
 * Level 14.3 Shapeshifting


You had 17 spell levels left.
You knew the following spells:

 Your Spells              Type           Power      Damage    Failure   Level
a - Ozocubu's Armour      Ice            20%        N/A       3%          3
b - Blink                 Tloc           26%        N/A       4%          2

Your spell library contained the following spells:

 Spells                   Type           Power      Damage    Failure   Level
 Freeze                   Ice            80%        1d9       1%          1
 Apportation              Tloc           26%        N/A       3%          1
 Frozen Ramparts          Ice            40%        1d7       3%          3
 Lesser Beckoning         Tloc           26%        N/A       4%          2
 Gell's Gravitas          Tloc           13%        N/A       10%         3
 Teleport Other           Tloc           13%        N/A       10%         3
 Hailstorm                Conj/Ice       11%        3d5       14%         3
 Necrotise                Necr           8%         1d4       22%         1
 Summon Small Mammal      Summ           8%         N/A       22%         1
 Manifold Assault         Tloc           13%        N/A       32%         4
 Passage of Golubria      Tloc           13%        N/A       32%         4
 Tukima's Dance           Hex            2%         N/A       54%         3
 Metabolic Englaciation   Hex/Ice        5%         N/A       78%         5
 Yara's Violent Unravell  Hex/Tmut       1%         3d3       99%         5
 Simulacrum               Ice/Necr       5%         N/A       100%        6


Dungeon Overview and Level Annotations

Branches:
Dungeon (10/15)            Temple (0/1) D:7            Lair (5/5) D:8
 Shoals (0/4) Lair:2        Snake (1/4) Lair:3        Slime (0/5) Lair:5
    Orc (2/2) D:9             Elf (0/3) Orc:2         Sewer (visited)
Ossuary (visited)          Bailey (visited)         Volcano (visited)

Altars:
Elyvilon
Hepliaklqana
Jiyva

Shops:
D:2 (:   D:9 ?[(:*   Orc:2 [(=[**

Annotations:
Snake:1 Kirke


Innate Abilities, Weirdness & Mutations

You are a filthy swine.
You move quickly.
Your equipment is almost entirely melded.
You are incapable of wielding weapons or throwing items.
You cannot cast spells.
Your life essence is reduced to manifest your ancestor. (-10% HP)
You cannot wear most types of armour.
((You are amphibious.))
((You can wear up to eight rings at the same time.))
((Your skin changes colour to match your surroundings (Stealth+).))
((Your rubbery body absorbs attacks. (AC +1, EV +1)))
((You are camouflaged when in or above water. (Stealth+)))
((You have tentacles for arms and can constrict up to eight enemies at once.))


Message History

Your ring of poison resistance melds into your body.
Your ring of resist corrosion melds into your body.
You feel clumsy. The anaconda completely misses you. The anaconda bites you.
A hog comes into view.
You closely miss the anaconda.
The anaconda is almost dead.
The naga mage hits you with a +0 club! The naga mage grabs you.
The naga mage constricts you. The anaconda closely misses you.
Henutmehyt hits something with a +0 quarterstaff!!
The hog bites Henutmehyt.
The naga mage hits you with a +0 club! The naga mage constricts you.
You hear some strange, mumbled words.
Deactivating autopickup; reactivate with Ctrl-A.
You feel a momentary urge to oink. The anaconda bites you!
* * * LOW HITPOINT WARNING * * *
Unknown command.
As you read the scroll of teleportation, it crumbles to dust.
You feel strangely unstable. The anaconda bites you.
* * * LOW HITPOINT WARNING * * *
The hog bites Henutmehyt.
The naga mage spits poison at you. The splash of poison hits you!
You are poisoned.
* * * LOW HITPOINT WARNING * * *
The naga mage constricts you.
* * * LOW HITPOINT WARNING * * *
Henutmehyt completely misses something.
The anaconda closely misses you.
You hear some strange, mumbled words.
Something tries to affect you, but you resist.
The naga mage closely misses you. The naga mage constricts you.
* * * LOW HITPOINT WARNING * * *
The hog barely misses Henutmehyt.
Henutmehyt closely misses something.
You feel much better.
You have got your breath back.
You feel sick. The anaconda closely misses you.
The naga mage casts a spell at you. The bolt of poison hits you!!
You are more poisoned.
You die...

#.# # #.# ## .#
#.# .≈ ##@
#.########.##..
#.§§....#.#.)#
#..≈§§.#..#..#
#...≈≈§#[)h#
##.§§§S#{R#..#
#≈...Nh#.#..#
#########.##S.
.≈.##. ##.# .#
## #


You could see the friendly Henutmehyt the battlemage, an anaconda (ally target),
a naga mage (fast, catching breath) and a hog.

Vanquished Creatures
  An ettin (Orc:2)
  2 hydras (Lair:5)
  An ogre mage (Orc:1)
  2 anacondas
  A deep troll shaman (Lair:5)
  2 catoblepae (Lair:5)
  2 boulder beetles
  5 two-headed ogres (D:9)
  2 naga warriors (Snake:1)
  3 death yaks (Lair:5)
  A shock serpent (Snake:1)
  3 orc high priests (Orc:2)
  A naga sharpshooter (Snake:1)
  A sun demon (Volcano)
  Amaemon (Lair:1)
  A skyshark (Lair:4)
  A mana viper (Snake:1)
  2 orc knights (Orc:2)
  Pikel (D:6)
  4 orc sorcerers
  A manticore (Lair:2)
  5 ugly things (Volcano)
  3 salamanders (Snake:1)
  A guardian serpent (Snake:1)
  9 black mambas
  6 elephants
  3 naga magi (Snake:1)
  A torpor snail (Lair:3)
  Maggie (D:6)
  15 cane toads
  An orange demon (Lair:1)
  2 rime drakes
  3 komodo dragons
  3 trolls
  4 polar bears
  2 red devils (Volcano)
  Grinder (D:3)
  A wind drake (Lair:2)
  9 blink frogs
  Sigmund (D:6)
  A shadow (D:10)
  10 yaks
  5 wyverns
  2 basilisks
  A steam dragon (D:7)
  3 vampire mosquitoes (D:10)
  3 wargs
  12 nagas
  Edmund (D:6)
  8 water moccasins
  6 hell hounds
  16 orc warriors
  2 ice beasts
  4 black bears
  4 centaurs
  19 wolves
  4 ogres
  A lemure (D:6)
  7 bullfrogs
  3 scorpions
  6 wights
  6 killer bees (D:10)
  3 vampire bats (Lair:2)
  A howler monkey (D:9)
  4 hounds (D:6)
  3 centaur zombies (Ossuary)
  2 jellies
  4 orc priests
  Jessica (D:2)
  4 hell rats (Lair:5)
  11 orc wizards
  4 iguanas
  3 mummies (Ossuary)
  8 gnolls
  6 adders
  2 white imps
  2 ufetubi (D:5)
  A worm (D:2)
  2 dart slugs (D:3)
  39 orcs
  5 ball pythons
  13 bats
  10 endoplasms
  10 giant cockroaches
  4 goblins
  2 hobgoblins
  11 jackals
  3 quokkas
  A frilled lizard (D:2)
  2 hobgoblin zombies (Ossuary)
  5 kobolds
  9 rats
  A butterfly (Lair:3)
409 creatures vanquished.

Vanquished Creatures (collateral kills)
  An orc warlord (Orc:2)
  A hydra (Lair:4)
  An alligator (Lair:5)
  A two-headed ogre (D:8)
  3 death yaks
  A hell knight (Volcano)
  A sun demon (Volcano)
  A lindwurm (Lair:5)
  A naga ritualist (Snake:1)
  4 orc knights
  4 orc sorcerers (Orc:2)
  A salamander (Snake:1)
  A guardian serpent (Snake:1)
  3 black mambas
  2 elephants
  A naga mage (Snake:1)
  An unseen horror (D:10)
  6 cane toads
  A smoke demon (Volcano)
  A torpor snail (Lair:5)
  A rime drake (Lair:3)
  3 komodo dragons
  A red devil (Volcano)
  A polar bear (Lair:4)
  2 blink frogs (Lair:1)
  Eustachio (D:6)
  3 yaks
  A basilisk (Lair:1)
  A steam dragon (Lair:1)
  2 wargs (Orc:2)
  2 nagas
  5 water moccasins
  Pargi (Sewer)
  19 orc warriors
  An ice beast (D:6)
  3 black bears
  2 ogres
  13 wolves
  A phantom (D:5)
  3 bullfrogs
  A gnoll sergeant (D:9)
  2 scorpions
  3 wights
  7 killer bees
  An electric eel (D:10)
  A hound (D:6)
  A centaur zombie (Ossuary)
  5 orc priests
  A gnoll bouda (D:5)
  A jelly (D:5)
  2 iguanas
  6 orc wizards
  3 hell rats (Lair:5)
  3 mummies (Ossuary)
  3 gnolls
  2 adders
  2 dart slugs
  22 orcs
  An endoplasm (D:4)
  2 hobgoblins
  3 jackals (D:4)
  2 quokkas (D:3)
  2 bats (Lair:2)
  3 goblins
  A hobgoblin zombie (Ossuary)
  A kobold (D:4)
183 creatures vanquished.

Vanquished Creatures (others)
  18 battlemagi
  An ancestor (D:3)
19 creatures vanquished.

Grand Total: 611 creatures vanquished

Notes
Turn   | Place    | Note
-------+----------+-------------------------------------------
     0 | D:1      | LeprechaunX the Octopode Shapeshifter began the quest for
                  | the Orb.
     0 | D:1      | Reached XP level 1. HP: 13/13 MP: 1/1
     1 | D:1      | Found a runed translucent door.
    18 | D:1      | Reached XP level 2. HP: 18/18 MP: 2/2
   454 | D:1      | Reached XP level 3. HP: 23/23 MP: 3/3
   561 | D:2      | Noticed Jessica
   565 | D:2      | Killed Jessica
   566 | D:2      | Reached XP level 4. HP: 29/29 MP: 4/4
   578 | D:2      | Reached skill level 4 in Shapeshifting
   739 | D:2      | Found a faded altar of an unknown god.
   907 | D:2      | Prayed at the altar of an unknown god.
   907 | D:2      | Became a worshipper of Hepliaklqana the Forgotten
   907 | D:2      | Reached * piety under Hepliaklqana
  1121 | D:2      | Found Cuuweosm's Weapon Boutique.
  1415 | D:2      | Found Ewie's Book Boutique.
  1641 | D:3      | Reached XP level 5. HP: 27/31 MP: 5/5
  1738 | D:3      | Noticed Grinder
  1747 | D:3      | Killed Grinder
  1748 | D:3      | Reached skill level 5 in Shapeshifting
  1748 | D:3      | Reached XP level 6. HP: 25/37 MP: 6/6
  1760 | D:3      | Reached ** piety under Hepliaklqana
  1806 | D:3      | Remembered your ancestor Henutmehyt as a battlemage
  1845 | D:3      | Found a glowing drain.
  1857 | Sewer    | Entered a sewer
  1911 | Sewer    | Noticed Pargi
  1922 | Sewer    | Killed Pargi
  1923 | Sewer    | Reached XP level 7. HP: 26/41 MP: 7/7
  2555 | D:4      | Found the ring of the Tortoise {AC+8}
  2673 | D:4      | Reached skill level 1 in Evocations
  3149 | D:5      | Entered Level 5 of the Dungeon
  3353 | D:5      | Learned a level 3 spell: Ozocubu's Armour
  3370 | D:5      | Reached skill level 6 in Shapeshifting
  3459 | D:5      | Reached skill level 5 in Unarmed Combat
  3467 | D:5      | Reached skill level 1 in Spellcasting
  3470 | D:5      | Reached XP level 8. HP: 45/48 MP: 9/9
  3494 | D:5      | Reached *** piety under Hepliaklqana
  4198 | D:6      | Noticed Sigmund
  4204 | D:6      | Killed Sigmund
  4205 | D:6      | Reached skill level 1 in Ice Magic
  4205 | D:6      | Reached skill level 7 in Shapeshifting
  4205 | D:6      | Noticed Edmund
  4209 | D:6      | Noticed Pikel
  4213 | D:6      | Noticed Maggie
  4215 | D:6      | Killed Edmund
  4216 | D:6      | Reached XP level 9. HP: 16/54 MP: 12/12
  4219 | D:6      | Killed Pikel
  4220 | D:6      | Reached skill level 5 in Fighting
  4224 | D:6      | Killed Maggie
  4487 | D:6      | Noticed Eustachio
  4495 | D:6      | Killed Eustachio
  4782 | D:6      | Reached skill level 8 in Shapeshifting
  5020 | D:7      | Found a staircase to the Ecumenical Temple.
  5161 | D:7      | Found a sand-covered staircase.
  5166 | Ossuary  | Entered an ossuary
  5166 | Ossuary  | Reached **** piety under Hepliaklqana
  5409 | D:7      | Reached XP level 10. HP: 60/61 MP: 15/15
  5417 | D:7      | Reached skill level 5 in Evocations
  6438 | D:8      | Found a staircase to the Lair.
  6438 | D:8      | Noticed a death yak
  6438 | D:8      | Noticed an elephant
  6521 | D:8      | Killed an elephant
  6531 | D:8      | Killed a death yak
  6532 | D:8      | Reached skill level 9 in Shapeshifting
  6793 | D:8      | Noticed a two-headed ogre
  6797 | D:8      | Killed a two-headed ogre
  7166 | D:9      | Found Oner's Assorted Antiques.
  7201 | D:9      | Found Acwae's Armour Shoppe.
  7214 | D:9      | Identified the ring "Weola" {rF+ EV+5}
  7267 | D:9      | Found Hezyofy's Book Shop.
  7348 | D:9      | Found Udih's Antique Weapon Boutique.
  7401 | D:9      | Found a white marble altar of Elyvilon.
  7593 | D:9      | Found Kyfiurax's Magic Scroll Boutique.
  7604 | D:9      | Bought a scroll of noise for 16 gold pieces
  7682 | D:9      | Found a staircase to the Orcish Mines.
  7709 | D:9      | Reached XP level 11. HP: 66/66 MP: 17/17
  7942 | D:10     | Entered Level 10 of the Dungeon
  8027 | D:10     | Reached skill level 1 in Invocations
  8034 | D:10     | Reached skill level 5 in Ice Magic
  8269 | D:10     | Found a flagged portal.
  8305 | Bailey   | Entered a bailey
  8379 | Bailey   | Reached ***** piety under Hepliaklqana
  8661 | Bailey   | Noticed an orc knight
  8661 | Bailey   | Noticed an orc knight
  8752 | Bailey   | Killed an orc knight
  8854 | Bailey   | Killed an orc knight
  8855 | Bailey   | Reached skill level 10 in Shapeshifting
  9407 | Lair:1   | Entered Level 1 of the Lair of Beasts
  9469 | Lair:1   | Reached skill level 5 in Dodging
  9666 | Lair:1   | Reached XP level 12. HP: 40/73 MP: 11/18
 10341 | Lair:1   | Noticed Amaemon
 10350 | Lair:1   | Killed Amaemon
 10587 | Lair:2   | Reached skill level 11 in Shapeshifting
 10767 | Lair:2   | Noticed a boulder beetle
 10788 | Lair:2   | Killed a boulder beetle
 10896 | Lair:2   | Found a staircase to the Shoals.
 11795 | Lair:3   | Reached skill level 5 in Invocations
 11900 | Lair:3   | Reached XP level 13. HP: 80/80 MP: 19/19
 12235 | Lair:3   | Found a staircase to the Snake Pit.
 12517 | Lair:3   | Found the +4 skin of Zhor {*Englaciate rC+++ SInv}
 12983 | Lair:4   | Reached skill level 12 in Shapeshifting
 13494 | Lair:4   | Found a hazy altar of Hepliaklqana.
 13550 | Lair:5   | Entered Level 5 of the Lair of Beasts
 14210 | Lair:5   | Found a viscous altar of Jiyva.
 14410 | Lair:5   | Learned a level 2 spell: Blink
 14438 | Lair:5   | Reached skill level 1 in Translocations
 14595 | Lair:5   | Reached ****** piety under Hepliaklqana
 14883 | Lair:5   | Reached XP level 14. HP: 88/88 MP: 20/20
 14999 | Lair:5   | Found a staircase to the Slime Pits.
 15523 | Lair:5   | Reached skill level 10 in Fighting
 15613 | Lair:5   | Reached skill level 13 in Shapeshifting
 15614 | Lair:5   | Reached skill level 10 in Unarmed Combat
 16200 | Orc:1    | Entered Level 1 of the Orcish Mines
 16670 | D:9      | Reached skill level 10 in Evocations
 17284 | Orc:2    | Entered Level 2 of the Orcish Mines
 17403 | Orc:2    | Found Mownoud's General Store.
 17519 | Orc:2    | Found Kiffes's Mayhem Merchandise.
 17550 | Orc:2    | Found Tuny's Jewellery Shop.
 17571 | Orc:2    | Found Elocefee's Antique Armour Emporium.
 17637 | Orc:2    | Found a staircase to the Elven Halls.
 17648 | Orc:2    | Found Fuuzai's Antique Weapon Shop.
 17648 | Orc:2    | Noticed an orc warlord
 17655 | Orc:2    | Killed an orc warlord
 17741 | Orc:2    | Found a dark tunnel.
 17751 | Volcano  | Entered a volcano
 17782 | Volcano  | Found a large runed translucent door.
 17782 | Volcano  | Found a large runed translucent door.
 17783 | Volcano  | HP: 1/89 [red ugly thing (7)]
 17964 | Volcano  | Found a large runed translucent door.
 17965 | Volcano  | Found a large runed translucent door.
 17989 | Volcano  | Found a large runed translucent door.
 17989 | Volcano  | Found a large runed translucent door.
 18013 | Volcano  | Found a large runed translucent door.
 18013 | Volcano  | Found a large runed translucent door.
 18028 | Volcano  | Found a large runed translucent door.
 18028 | Volcano  | Found a large runed translucent door.
 18077 | Volcano  | Reached XP level 15. HP: 94/94 MP: 21/21
 18086 | Volcano  | Found a large runed translucent door.
 18086 | Volcano  | Found a large runed translucent door.
 18089 | Volcano  | Found a large runed translucent door.
 18089 | Volcano  | Found a large runed translucent door.
 18154 | Volcano  | Found a large runed translucent door.
 18166 | Volcano  | Found a large runed translucent door.
 18188 | Volcano  | Found a large runed translucent door.
 18188 | Volcano  | Found a large runed translucent door.
 18856 | Orc:2    | Found Qylit's Antique Armour Shoppe.
 18999 | Orc:2    | Bought a dragon-blood talisman for 840 gold pieces
 19110 | D:9      | Reached skill level 14 in Shapeshifting
 19233 | Snake:1  | Entered Level 1 of the Snake Pit
 20312 | Snake:1  | Noticed Kirke
 20323 | Snake:1  | Killed from afar by a naga mage

Illustrated notes

Levels and vault maps discovered:
D:1:      dpeg_arrival_caged_fury, layout_rooms
D:2:      layout_loops_corners, serial_shops, nicolae_shop_scrapyard, shop,
          basic_ecumenical_altar, hangedman_decor_push,
          nicolae_figureground_sparkle, uniq_jessica
D:3:      layout_basic, portal_sewer_entry_f, uniq_grinder
D:4:      layout_cave_pools
D:5:      layout_loops_corners
D:6:      nicolae_cairo_tiling_large, layout_basic, uniq_sigmund,
          uniq_eustachio, uniq_edmund, uniq_maggie, uniq_pikel
D:7:      kennysheep_spiral_hall, layout_basic,
          minmay_temple_entry_proselytizer, enter_ossuary_2
D:8:      layout_gridville, david_lair_generic
D:9:      layout_loops_ring, mainiacjoe_overflow_alcove_2, orc_0_dummy,
          serial_shops, nicolae_square_shop, nicolae_shop_tiny_real_fake_doors,
          shop_fountains, shop, shop
D:10:     layout_cave_pools, serial_park, serial_park_paths
          [serial_park_minivault_5x5_7], serial_park_square1
          [serial_park_minivault_5x5_2], serial_park_tiny_2, enter_bailey_7
Lair:1:   layout_gridlike, uniq_amaemon
Lair:2:   layout_cellular_growth, minmay_shoals_entry_beasts, roderic_batcave,
          serial_bayou_crossing
Lair:3:   layout_cave_shapes, nicolae_snake_entry_squirm,
          hellmonk_guarded_unrand_zhor, grunt_megastairs_4, lemuel_fruit_fields
Lair:4:   layout_hall_layers, basic_altar, beast_lair_carwin_1
Lair:5:   grunt_lair_end_beastmaster, layout_loops_ring, slime_entry_2,
          hangedman_lair_generics_rect
Snake:1:  layout_onion_interference, nrook_loot_triangle,
          nicolae_snake_scaly_snakehead, serial_bayou_shore_b,
          grunt_megastairs_1, uniq_kirke
Orc:1:    layout_caves
Orc:2:    grunt_orc_gardens, layout_diamond_mine, grunt_orc_garden,
          grunt_orc_garden, grunt_orc_garden, grunt_orc_garden, serial_shops,
          nicolae_shop_trees, enter_volcano_3, minmay_shop_mayhem

Skill      XL: |  1  2  3  4  5  6  7  8  9 10 11 12 13 14 15 |
---------------+----------------------------------------------+-----
Fighting       | 2 3 4 5 6 7 8 9 10 11 | 11.2
Shapeshifting  | 4 5 6 7 8 9 10 11 12 13 14 | 14.3
Unarmed Combat | 4 5 6 7 8 9 10 11 | 11.1
Evocations     | 2 3 4 6 7 8 9 10 | 10.6
Spellcasting   | 1 2 3 4 |  4.0
Ice Magic      | 1 3 4 5 7 |  7.4
Dodging        | 3 5 |  5.7
Invocations    | 3 5 7 8 9 |  9.2
Translocations | 1 4 |  4.5

Action                     |  1- 3 |  4- 6 |  7- 9 | 10-12 | 13-15 || total
---------------------------+-------+-------+-------+-------+-------++-------
  Melee: Unarmed           |    50 |    65 |   119 |   169 |   451 ||   854
         Tentacles         |    10 |    14 |    37 |    47 |   117 ||   225
         Constrict         |    14 |    17 |    29 |    29 |    73 ||   162
         Punch             |       |     3 |     2 |    13 |    51 ||    69
         Tailslap          |       |       |       |       |     9 ||     9
         Bite              |       |       |       |       |     7 ||     7
   Fire: Orcbow            |       |       |     5 |   196 |   153 ||   354
         Shortbow          |       |       |     4 |    76 |       ||    80
   Cast: Ozocubu's Armour  |       |       |       |     6 |    17 ||    23
         Blink             |       |       |       |       |     2 ||     2
 Invoke: Recall Ancestor   |       |     1 |       |       |     2 ||     3
         Ancestor Life: Ba |       |     1 |       |       |       ||     1
         Idealise          |       |       |       |       |     1 ||     1
Ability: Breathe Fire      |       |       |       |       |     3 ||     3
  Evoke: Wand              |       |       |       |       |     7 ||     7
    Use: Potion            |       |     1 |     2 |     1 |     6 ||    10
         Scroll            |       |       |       |     8 |     9 ||    17
   Stab: Sleeping          |     2 |     7 |     4 |     1 |     2 ||    16
         Paralysed         |       |       |       |       |     4 ||     4
         Distracted        |       |       |       |       |     8 ||     8
 Armour: Skin              |    17 |    33 |    67 |   130 |   288 ||   535
  Dodge: Dodged            |    28 |    37 |    76 |   261 |   557 ||   959
   Form: Dragon            |       |       |       |       |     1 ||     1

Table legend: (Time is in decaauts)
 A = Elapsed time spent in this place.
 B = Non-inter-level travel time spent in this place.
 C = Inter-level travel time spent in this place.
 D = Time resting spent in this place.
 E = Time spent auto-exploring this place.
 F = Levels seen in this place.
 G = Mean time per level.
                   A        B        C        D        E       F      G
               +--------+--------+--------+--------+--------+-----+--------+
         Total |  20393 |  19304 |   1089 |   3308 |  11589 |  22 |  927.0 |
       Dungeon |   9254 |   8604 |    650 |    986 |   6018 |  10 |  925.4 |
          Lair |   7077 |   6752 |    325 |   1760 |   3850 |   5 | 1415.4 |
     Snake Pit |    875 |    847 |     28 |      6 |    493 |   1 |  875.0 |
  Orcish Mines |   1568 |   1483 |     85 |    106 |    847 |   2 |  784.0 |
         Sewer |    196 |    196 |      0 |     95 |     38 |   1 |  196.0 |
       Ossuary |    116 |    116 |      0 |     42 |     28 |   1 |  116.0 |
        Bailey |    745 |    745 |      0 |    193 |    101 |   1 |  745.0 |
       Volcano |    559 |    559 |      0 |    119 |    214 |   1 |  559.0 |
               +--------+--------+--------+--------+--------+-----+--------+

Top non-repeatable levels by time:
  Lair:5: 2033 daAuts
     D:9: 1624 daAuts
  Lair:4: 1428 daAuts
  Lair:2: 1272 daAuts
  Lair:1: 1204 daAuts
   Orc:2: 1192 daAuts
  Lair:3: 1139 daAuts
     D:7: 1125 daAuts
     D:2: 1075 daAuts
     D:8: 994 daAuts
     D:5: 963 daAuts
     D:6: 906 daAuts
 Snake:1: 875 daAuts
     D:3: 762 daAuts
  Bailey: 745 daAuts
